 Dungeon Crawl Stone Soup version 0.13.0-19-g8e0b589 (webtiles) character file.

101 4tharraofdagon the Chopper (level 3, -6/30 HPs)
             Began as a Demonspawn Berserker on Oct 24, 2013.
             Was a Follower of Trog.
             Mangled by a worker ant (8 damage)
             ... on Level 4 of the Dungeon.
             The game lasted 00:01:59 (523 turns).

4tharraofdagon the Chopper (Demonspawn Berserker)    Turns: 523, Time: 00:02:00

HP  -6/30        AC  2     Str 18      XL: 3   Next: 98%
MP   2/2         EV 12     Int  8      God: Trog [*.....]
Gold 34          SH  0     Dex 12      Spells:  0 memorised,  2 levels left

Res.Fire  : . . .   See Invis. : .   a - +0 hand axe {=f}
Res.Cold  : + . .   Warding    : .   b - +0 animal skin
Life Prot.: . . .   Conserve   : .   (no shield)
Res.Poison: .       Res.Corr.  : .   (no helmet)
Res.Elec. : .       Clarity    : .   (no cloak)
Sust.Abil.: . .     Spirit.Shd : .   (no gloves)
Res.Mut.  : .       Stasis     : .   (no boots)
Res.Rott. : .       Flight     : .   (no amulet)
Saprovore : . . .                    (no ring)
                                     (no ring)

@: exhausted, mildly poisoned, slowed, very slow, not resistant to hostile
enchantments, unstealthy
A: cold resistance 1
a: Burn Spellbooks, Berserk, Renounce Religion


You were on level 4 of the Dungeon.
You worshipped Trog.
Trog was aware of your devotion.
You were very hungry.

You visited 1 branch of the dungeon, and saw 4 of its levels.

You collected 14 gold pieces.

Inventory:

Hand weapons
 a - a +0,+0 hand axe (weapon) {=f}
Armour
 b - a +0 animal skin (worn)
Comestibles
 c - 3 bread rations
 f - a meat ration
Scrolls
 d - a scroll of amnesia {unknown}
 e - a scroll of magic mapping {unknown}
 g - 2 scrolls of noise {unknown}
Potions
 h - a potion of blood {unknown}
 i - a potion of poison {unknown}


   Skills:
 + Level 3.5 Fighting
 * Level 3.6 Axes
 + Level 2.5 Armour
 - Level 1.7 Dodging


You had 2 spell levels left.
You didn't know any spells.

Dungeon Overview and Level Annotations

Branches:
Dungeon (4/27)
 Temple: D:4-7

Altars:
Ashenzari
Yredelemnul


Innate Abilities, Weirdness & Mutations

Your flesh is cold resistant.


Message History

The worker ant poisons you! The worker ant misses you.
You hit the worker ant but do no damage.
The worker ant is moderately wounded.
The worker ant bites you.
* * * LOW HITPOINT WARNING * * *
The worker ant closely misses you.
You hit the worker ant.
The worker ant is heavily wounded.
* * * LOW HITPOINT WARNING * * *
You feel sick.
You feel a little better. The worker ant barely misses you.
You barely miss the worker ant.
The worker ant is heavily wounded.
The worker ant barely misses you. The worker ant bites you.
* * * LOW HITPOINT WARNING * * *
You hit the worker ant but do no damage.
The worker ant is heavily wounded.
The worker ant closely misses you. The worker ant bites you!
You die...

#############
#.......a@..###########
#.#########...........#
#.# #...########.# #.#
#.....# #.# ##...## #.#
##.## #.# #.# ####.###
#.# #......# #+#


You could see a worker ant.

Vanquished Creatures
  A centaur zombie (D:4)
  A human (D:4)
  A giant mite (D:1)
  A giant eyeball (D:4)
  A ball python (D:1)
  3 bats
  A giant cockroach (D:1)
  2 hobgoblins
  6 kobolds
  A goblin (D:1)
  A human skeleton (D:4)
  A kobold zombie (D:4)
  4 rats
24 creatures vanquished.

Notes
Turn   | Place    | Note
--------------------------------------------------------------
     0 | D:1      | 4tharraofdagon, the Demonspawn Berserker, began the quest for the Orb.
     0 | D:1      | Reached XP level 1. HP: 18/18 MP: 0/0
    62 | D:1      | 4tharraofdagon: because trident
   150 | D:1      | Gained mutation: Your flesh is cold resistant. [demonic ancestry]
   150 | D:1      | Reached XP level 2. HP: 16/24 MP: 1/1
   189 | D:1      | Bloax: http://z0r.de/1663
   300 | D:2      | Bloax: literally correct definition of your face when orc:1
   303 | D:2      | Acquired Trog's second power
   399 | D:3      | Found a shattered altar of Ashenzari.
   411 | D:4      | Paralysed by a giant eyeball for 3 turns
   415 | D:4      | Reached XP level 3. HP: 25/30 MP: 2/2
   434 | D:4      | Found a basalt altar of Yredelemnul.
   509 | D:4      | why
   509 | D:4      | it vanished now
   523 | D:4      | Mangled by a worker ant

Action                   || total
-------------------------++-------
Melee: Hand axe          ||    93
Invok: Berserk           ||     2
       Trog's Hand       ||     1
  Use: Potion            ||     1
